Description

This is the cyclone variant of uThermal's timing on 2 bases with 5 rax

VOD

https://www.youtube.com/watch?v=9hb8GY0Kp8Y

Replay - 2020-09-28 - (P)Neeblet VS (T)uwuThermal

Build Order

Get SALT Encoding   

  12  0:00  SCV  
  13  0:12  SCV  
  14  0:17  Supply Depot  
  14  0:24  SCV  
  15  0:38  SCV  
  15  0:40  Barracks  
  16  0:43  Refinery  
  16  0:50  SCV  
  17  1:03  SCV  
  18  1:15  SCV  
  19  1:27  Reaper, Orbital Command  
  20  1:46  Command Center  
  20  1:54  SCV  
  21  1:58  Supply Depot  
  21  1:59  Marine  
  22  2:06  SCV  
  23  2:09  Factory  
  23  2:20  SCV, Barracks Reactor  
  24  2:26  Refinery  
  24  2:28  Bunker  
  26  2:52  Hellion  
  26  2:54  Starport  
  26  2:57  Orbital Command  
  29  2:59  Marine x2  
  32  3:17  Factory Tech Lab, Marine x2  
  36  3:29  Supply Depot  
  36  3:33  Starport Tech Lab  
  37  3:36  Cyclone  
  37  3:39  Marine x2  
  43  3:58  Barracks x2  
  43  4:01  Raven  
  46  4:04  Marine x2  
  49  4:13  Supply Depot  
  50  4:19  Engineering Bay  
  51  4:24  Siege Tank  
  51  4:30  Refinery  
  54  4:34  Marine  
  54  4:35  Supply Depot  
  60  4:52  Missile Turret  
  60  5:01  Stimpack  
  60  5:04  Starport Reactor  
  60  5:06  Factory Tech Lab  
  61  5:08  Missile Turret  
  66  5:15  Terran Infantry Weapons Level 1  
  67  5:27  Siege Tank  
  76  5:37  Refinery  
  74  5:49  Marauder x2  
  78  6:01  Barracks x2  
  78  6:04  Siege Tank  
  78  6:08  Combat Shield  
  84  6:15  Marauder  
  86  6:21  Medivac x2  
  93  6:36  Siege Tank  
  97  6:44  Concussive Shells  
  98  6:48  Marauder  
  98  6:54  Medivac  
  105  7:01  Medivac  
  104  7:05  Marauder  
  109  7:13  Marauder  
  115  7:18  Siege Tank  
  119  7:35  Medivac x2  
  123  7:37  Marauder  
Spawning Tool Build Advisor. Get it on Overwolf

Go to:

Details

  • Created by: Ajaxvitre
  • Published on: Oct 03, 2020
  • Modified on: Oct 03, 2020
  • Patch: 4.11.0
  • Difficulty: Medium
Show
View Real Time Build Order
Export as new Build Order

Comments (0)

There are no comments. Be the first!

Create an account to comment!